 Dungeon Crawl Stone Soup version 0.20.2-3-g29329e0561 (webtiles) character file.

492 Alfie the Skirmisher (level 7, -3/61 HPs)
             Began as a Hill Orc Fighter on Mar 27, 2024.
             Slain by a river rat (7 damage)
             ... summoned by Eustachio
             ... on level 5 of the Dungeon.
             The game lasted 00:09:04 (2760 turns).

Alfie the Skirmisher (Hill Orc Fighter)             Turns: 2760, Time: 00:09:06

Health: -3/61      AC:  8    Str: 21    XL:     7   Next: 14%
Magic:  7/7        EV:  8    Int:  8    God:
Gold:   229        SH:  0    Dex: 10    Spells: 6/6 levels left

rFire    + . .     SeeInvis .   a - +0 rapier
rCold    . . .     Gourm    .   c - +0 shield
rNeg     . . .     Faith    .   b - +0 scale mail
rPois    .         Spirit   .   (no helmet)
rElec    .         Reflect  .   (no cloak)
rCorr    .         Harm     .   k - +0 pair of gloves
MR       .....                  (no boots)
Stlth    ..........             (no amulet)
Regen    0.2/turn               u - ring of protection from fire
MPRegen  0.1/turn               (no ring)

@: confused
A: no striking features
a: no special abilities


You were on level 5 of the Dungeon.
You were not hungry.

You visited 1 branch of the dungeon, and saw 5 of its levels.

You collected 229 gold pieces.

Inventory:

Hand Weapons
 a - a +0 rapier (weapon)
Armour
 b - a +0 scale mail (worn)
 c - a +0 shield (worn)
 k - a +0 pair of gloves (worn)
Jewellery
 u - a ring of protection from fire (left hand)
Wands
 s - a wand of polymorph (14/24)
Scrolls
 d - a scroll of enchant armour {unknown}
 g - 2 scrolls of identify
 m - a scroll of magic mapping {unknown}
 n - a scroll of immolation {unknown}
 o - 3 scrolls of remove curse
 q - 2 scrolls of teleportation {unknown}
 t - a scroll of random uselessness {unknown}
Potions
 e - 3 potions of flight
 f - a potion of brilliance {unknown}
 h - a potion of ambrosia
 j - a potion of haste {unknown}
 p - 2 potions of degeneration {unknown}
 r - a potion of berserk rage {unknown}
 v - a potion of magic {unknown}


   Skills:
 + Level 5.2 Fighting
 + Level 4.9 Short Blades
 + Level 4.4 Armour
 + Level 1.4 Dodging
 + Level 4.7 Shields


You had 6 spell levels left.
You didn't know any spells.

Dungeon Overview and Level Annotations

Branches:
Dungeon (5/15)             Temple (0/1) D:5

Altars:
Fedhas
The Shining One

Annotations:
D:5 Eustachio


Message History

You closely miss Eustachio.
Eustachio is almost dead.
The hound bites you.
* * * LOW HITPOINT WARNING * * *
The river rat bites you but does no damage.
The river rat bites you.
* * * LOW HITPOINT WARNING * * *
The quokka bites you but does no damage.
Eustachio hits you with a rapier.
* * * LOW HITPOINT WARNING * * *
The river rat closely misses you. The hound closely misses you.
Unknown command.
You hit the river rat but do no damage. The river rat barely misses you.
The river rat bites you!
* * * LOW HITPOINT WARNING * * *
The quokka barely misses you. The hound bites you but does no damage.
The river rat bites you but does no damage.
Eustachio casts a spell.
Eustachio blinks!
The quokka closely misses you. The river rat bites you!
You die...

...............#.#####.#
.................#####..
.....)......#..#........
...........##..#.#####.#
###..#.###.##..#.#
..#..#.....##..#.#
..##.#.##..##..#.#
..##.#.# .##..#r#####.#
..?..#.# ##.b§@r......
..#..#.. ......rhr..####
..##.##. ..........##
..##(# # #.####....#
####.# . #....# #.#
#....# ... ##..#< #..
#.###.


You could see a hound, 3 river rats, a quokka and a bat.

Vanquished Creatures
  2 ogres
  2 orc priests (D:4)
  An orc wizard (D:5)
  Natasha (D:4)
  A worker ant (D:4)
  A worker ant zombie (D:5)
  8 adders
  A white imp (D:4)
  2 oozes
  An adder skeleton (D:5)
  A worm (D:2)
  3 dart slugs
  3 leopard geckos
  4 orcs
  7 bats
  2 giant cockroaches
  7 goblins
  10 hobgoblins
  4 jackals (D:1)
  A quokka (D:2)
  A ball python (D:2)
  2 frilled lizards
  A goblin skeleton (D:4)
  A hobgoblin zombie (D:4)
  7 kobolds
  A kobold zombie (D:4)
  2 orc skeletons (D:4)
  2 orc zombies (D:4)
  2 quokka skeletons (D:4)
  8 rats
89 creatures vanquished.

Notes
Turn   | Place    | Note
-------+----------+-------------------------------------------
     0 | D:1      | Alfie the Hill Orc Fighter began the quest for the Orb.
     0 | D:1      | Reached XP level 1. HP: 19/19 MP: 1/1
    33 | D:1      | Reached XP level 2. HP: 15/27 MP: 2/2
   183 | D:1      | Reached skill level 4 in Fighting
   278 | D:1      | Reached XP level 3. HP: 28/33 MP: 3/3
   956 | D:2      | Reached XP level 4. HP: 34/40 MP: 4/4
  1429 | D:3      | Reached XP level 5. HP: 18/47 MP: 5/5
  1753 | D:4      | Found a glowing golden altar of the Shining One.
  1954 | D:4      | Noticed an ogre
  1960 | D:4      | Killed an ogre
  1960 | D:4      | Reached skill level 1 in Dodging
  1960 | D:4      | Reached XP level 6. HP: 53/53 MP: 6/6
  2033 | D:4      | Found a blossoming altar of Fedhas.
  2258 | D:4      | Noticed Natasha
  2272 | D:4      | Killed Natasha
  2479 | D:5      | Entered Level 5 of the Dungeon
  2548 | D:4      | Reached skill level 5 in Fighting
  2633 | D:5      | Found a staircase to the Ecumenical Temple.
  2672 | D:5      | Reached XP level 7. HP: 55/61 MP: 7/7
  2700 | D:5      | Noticed Eustachio
  2750 | D:5      | HP: 3/61 [river rat[Eustachio] (3)]
  2757 | D:5      | HP: 1/61 [Eustachio/rapier (4)]
  2760 | D:5      | Slain by a river rat

Skill      XL: |  1  2  3  4  5  6 |
---------------+-------------------+-----
Fighting       | 4 5 |  5.2
Shields        | 4 |  4.7
Short Blades   | 3 4 |  4.9
Armour         | 4 |  4.4
Dodging        | 1 |  1.4

Action                   |  1- 3 |  4- 6 |  7- 9 || total
-------------------------+-------+-------+-------++-------
Melee: Rapier            |   133 |   199 |    52 ||   384
  Use: Scroll            |       |     4 |       ||     4
       Potion            |       |     1 |     3 ||     4
  Eat: Fruit             |       |     4 |       ||     4
       Bread ration      |       |     1 |       ||     1
Armor: Scale mail        |    82 |    78 |    78 ||   238
Dodge: Dodged            |    44 |    41 |    56 ||   141
Block: Shield            |    84 |    59 |    59 ||   202
